 Dungeon Crawl Stone Soup version 0.32-a0-842-gbbb8fdbe59 (webtiles) character file.

Game seed: 8457268472901494238

1641 Vontreibholz the Basher (level 8, -5/69 HPs)
             Began as a Mountain Dwarf Fighter on Mar 27, 2024.
             Was an Initiate of Okawaru.
             Killed from afar by an orc wizard (10 damage)
             ... with a puff of flame
             ... on level 6 of the Dungeon.
             The game lasted 00:17:33 (6146 turns).

Vontreibholz the Basher (Mountain Dwarf Fighter)    Turns: 6146, Time: 00:17:35

Health: -5/69      AC: 10    Str: 20    XL:     8   Next: 66%
Magic:  8/8        EV:  9    Int: 10    God:    Okawaru [......]
Gold:   298        SH:  5    Dex: 15    Spells: 7/7 levels left

rFire   . . .        a - +1 flail
rCold   . . .        c - +0 buckler
rNeg    . . .        b - +0 scale mail
rPois   .            g - +0 helmet
rElec   .            (no cloak)
rCorr   .            (no gloves)
SInv    .            i - +0 pair of boots
Will    .....        (no amulet) Stlth
                     j - +6 ring of dexterity
HPRegen 0.31/turn    (no ring)
MPRegen 0.11/turn

%: no passive effects
@: no status effects
A: runic magic, artefact enchanting
a: Renounce Religion


You were on level 6 of the Dungeon.
You worshipped Okawaru.
Okawaru was noncommittal.
You visited 2 branches of the dungeon, and saw 7 of its levels.
You also visited: Sewer.

You collected 298 gold pieces.

Inventory:

Hand Weapons
 a - a +1 flail (weapon)
Armour
 b - a +0 scale mail (worn)
 c - a +0 buckler (worn)
 g - a +0 helmet (worn)
 i - a +0 pair of boots (worn)
Jewellery
 j - a +6 ring of dexterity (left hand)
Wands
 h - a wand of warping (6)
Scrolls
 l - 4 scrolls of teleportation
 m - 3 scrolls of fog
 o - a scroll of blinking
Potions
 d - a potion of might
 e - 4 potions of enlightenment
 f - a potion of invisibility


   Skills:
 * Level 5.5 Fighting
 * Level 8.4 Maces & Flails
 * Level 6.4 Armour
 * Level 2.3 Dodging
 * Level 5.3 Shields
 * Level 2.6 Evocations


You had 7 spell levels left.
You didn't know any spells.
Your spell library contained the following spells:

 Spells                   Type           Power      Damage    Failure   Level
 Sublimation of Blood     Necr           0%         N/A       65%         2
 Call Imp                 Summ           Unusable   N/A       N/A         2
 Summon Hydra             Summ           Unusable   N/A       N/A         7

Dungeon Overview and Level Annotations

Branches:
Dungeon (6/15)             Temple (1/1) D:5           Sewer (visited)

Altars:
Ashenzari
Cheibriados
Dithmenos
Elyvilon
Kikubaaqudgha
Makhleb
Nemelex Xobeh
Okawaru
Qazlal
Ru
Trog
Uskayaw
Vehumet
Wu Jian
Yredelemnul
Zin
The Shining One

Annotations:
D:6 Jeremiah


Innate Abilities, Weirdness & Mutations

Your spellcasting is much less encumbered by armour.
You can use scrolls of enchantment on lesser artefacts.


Message History

Okawaru accepts your kill. Something hits you but does no damage.
You closely miss the scorpion. The scorpion barely misses you.
Something hits you but does no damage.
You sock the scorpion!
The scorpion is severely wounded.
The scorpion stings you.
* * * LOW HITPOINT WARNING * * *
The scorpion barely misses you. Something hits you but does no damage.
You closely miss the scorpion.
The scorpion is severely wounded.
The scorpion stings you.
* * * LOW HITPOINT WARNING * * *
Something hits you.
* * * LOW HITPOINT WARNING * * *
You hit the scorpion but do no damage.
The scorpion is severely wounded.
The scorpion closely misses you. Something hits you but does no damage.
You hit the scorpion.
The scorpion is almost dead.
The scorpion stings you.
* * * LOW HITPOINT WARNING * * *
Something hits you but does no damage.
The scorpion stings you but does no damage.
You barely miss the scorpion.
The scorpion is almost dead.
The scorpion stings you but does no damage.
Something hits you but does no damage.
You sock the scorpion!
You kill the scorpion!
Okawaru accepts your kill. Something hits you.
* * * LOW HITPOINT WARNING * * *
You sock the orc!
You kill the orc!
Okawaru accepts your kill.
You hear some strange, mumbled words.
A puff of flame appears from out of thin air!
The puff of flame hits you!
You die...

......?....###..$#....##
.......bF#........##..#
.......bb#........# .##
......b......#.#..# ..
.............#
............##
.......{..###
#....###)## #.... #@#
.....#.....# ....
#.._..# ##. #.....#
#######


You could see Jeremiah.

Vanquished Creatures
  A wyvern (D:5)
  Edmund (D:4)
  A water moccasin (D:5)
  2 ice beasts (D:5)
  2 black bears
  A kobold brigand (Sewer)
  2 scorpions
  2 howler monkeys
  4 hounds
  A jelly (D:4)
  5 iguanas
  Ijyb (D:5)
  Robin (D:4)
  7 gnolls
  10 adders
  A river rat (Sewer)
  5 ribbon worms
  4 dart slugs
  9 orcs
  7 ball pythons
  6 endoplasms
  5 giant cockroaches
  15 goblins
  10 hobgoblins
  5 jackals
  6 quokkas
  14 bats
  3 frilled lizards
  12 kobolds
  11 rats
154 creatures vanquished.

Notes
Turn   | Place    | Note
-------+----------+-------------------------------------------
     0 | D:1      | Vontreibholz the Mountain Dwarf Fighter began the quest for
                  | the Orb.
     0 | D:1      | Reached XP level 1. HP: 19/19 MP: 1/1
   100 | D:1      | Reached XP level 2. HP: 17/26 MP: 2/2
   267 | D:1      | You fall into a shaft and drop 1 floor!
   471 | D:1      | Reached XP level 3. HP: 31/31 MP: 3/3
   498 | D:1      | Reached skill level 3 in Maces & Flails
  1066 | D:2      | Reached XP level 4. HP: 40/40 MP: 4/4
  1522 | D:2      | Found a faded altar of an unknown god.
  2181 | D:3      | Found a basalt altar of Yredelemnul.
  2202 | D:3      | Reached skill level 4 in Maces & Flails
  2217 | D:3      | Reached XP level 5. HP: 34/46 MP: 5/5
  2305 | D:3      | Found an ornate altar of the Wu Jian Council.
  2923 | D:4      | Found a glowing drain.
  2931 | D:4      | Noticed Edmund
  2944 | D:4      | Killed Edmund
  2945 | D:4      | Reached skill level 1 in Dodging
  2945 | D:4      | Reached XP level 6. HP: 25/52 MP: 6/6
  2950 | D:4      | Reached skill level 5 in Maces & Flails
  2958 | Sewer    | Entered a sewer
  3082 | Sewer    | Found a white marble altar of Elyvilon.
  3159 | D:4      | Noticed Robin
  3184 | D:4      | Killed Robin
  3236 | D:4      | Reached skill level 5 in Armour
  3663 | D:4      | Reached XP level 7. HP: 57/60 MP: 7/7
  3737 | D:4      | Reached skill level 6 in Maces & Flails
  4105 | D:5      | Entered Level 5 of the Dungeon
  4294 | D:5      | Reached skill level 1 in Evocations
  4435 | D:5      | Reached skill level 7 in Maces & Flails
  4669 | D:5      | Reached XP level 8. HP: 60/67 MP: 8/8
  4741 | D:5      | Found a staircase to the Ecumenical Temple.
  4763 | Temple   | Entered the Ecumenical Temple
  4773 | Temple   | Became a worshipper of Warmaster Okawaru
  4884 | D:5      | Reached skill level 5 in Fighting
  4910 | D:5      | Noticed Ijyb
  4924 | D:5      | Killed Ijyb
  5026 | D:5      | Reached skill level 5 in Shields
  5333 | D:6      | Reached skill level 8 in Maces & Flails
  5345 | D:6      | Noticed Jeremiah
  6130 | D:6      | Found a white marble altar of Elyvilon.
  6146 | D:6      | Killed from afar by an orc wizard

Illustrated notes

Levels and vault maps discovered:
D:1:      orjb1_lava_funnel, layout_loops_ring, minmay_misc_feat_nine_boxes
D:2:      minmay_razor_zed, layout_rooms, shapermc_ecumenical_altar_petra
D:3:      layout_basic, nzn_wu_jian_council_hall, yredelemnul_altar_generic,
          hangedman_decor_peaks_small
D:4:      kb_forest_paths, layout_basic, portal_sewer_entry_a, serial_shops,
          nicolae_shop_rolling_square, uniq_robin, uniq_edmund
D:5:      minmay_skewed_foursquare, layout_basic,
          minmay_temple_entry_large_hall, uniq_ijyb
D:6:      gammafunk_steamed_eel, layout_cave_pools,
          mainiacjoe_overflow_alcove_2, serial_shops, shop,
          minmay_misc_feat_enclosed, uniq_jeremiah
Temple:   nicolae_temple_bog_church

Skill      XL: |  1  2  3  4  5  6  7  8 |
---------------+-------------------------+-----
Maces & Flails | 3 4 5 7 8 |  8.4
Armour         | 4 5 6 |  6.4
Shields        | 4 5 |  5.3
Fighting       | 4 5 |  5.5
Dodging        | 1 2 |  2.3
Evocations     | 1 2 |  2.6

Action                     |  1- 3 |  4- 6 |  7- 9 || total
---------------------------+-------+-------+-------++-------
  Melee: Flail             |   144 |   224 |   221 ||   589
    Use: Scroll            |     3 |     9 |     6 ||    18
         Potion            |       |     2 |     4 ||     6
 Armour: Scale mail        |   168 |   227 |   201 ||   596
  Dodge: Dodged            |   103 |   142 |   107 ||   352
  Block: Buckler           |    52 |    78 |    60 ||   190

Table legend: (Time is in decaauts)
 A = Elapsed time spent in this place.
 B = Non-inter-level travel time spent in this place.
 C = Inter-level travel time spent in this place.
 D = Time resting spent in this place.
 E = Time spent auto-exploring this place.
 F = Levels seen in this place.
 G = Mean time per level.
                   A        B        C        D        E       F      G
               +--------+--------+--------+--------+--------+-----+--------+
         Total |   6291 |   5981 |    310 |    740 |      9 |   8 |  786.4 |
       Dungeon |   6052 |   5742 |    310 |    740 |      9 |   6 | 1008.7 |
        Temple |     22 |     22 |      0 |      0 |      0 |   1 |   22.0 |
         Sewer |    217 |    217 |      0 |      0 |      0 |   1 |  217.0 |
               +--------+--------+--------+--------+--------+-----+--------+

Top non-repeatable levels by time:
     D:5: 1965 daAuts
     D:3: 1078 daAuts
     D:2: 1049 daAuts
     D:4: 1039 daAuts
     D:1: 852 daAuts
   Sewer: 217 daAuts
     D:6: 67 daAuts
  Temple: 22 daAuts
